 Dungeon Crawl Stone Soup version 0.28.0-47-ge53b351184 (webtiles) character file.

Game seed: 8117363054296618430

37 styxcanada the Sneak (level 3, -2/18 HPs)
             Began as a Spriggan Brigand on May 2, 2022.
             Frozen to death by an endoplasm (5 damage)
             ... on level 1 of the Dungeon.
             The game lasted 00:02:51 (668 turns).

styxcanada the Sneak (Spriggan Brigand)              Turns: 668, Time: 00:02:52

Health: -2/18      AC:  3    Str:  7    XL:     3   Next: 23%
Magic:  4/4        EV: 17    Int: 12    God:
Gold:   12         SH:  0    Dex: 18    Spells: 2/2 levels left

rFire   . . .      SeeInvis +   h - +1 short sword (venom)
rCold   . . .      Faith    .   (no shield)
rNeg    . . .      Spirit   .   b - +0 robe
rPois   .          Reflect  .   (helmet restricted)
rElec   .          Harm     .   c - +0 cloak
rCorr   .          Rampage  .   (gloves unavailable)
Will    .....                   (boots unavailable)
Stlth   ++++......              (no amulet)
HPRegen 0.06/turn               (no ring)
MPRegen 0.09/turn               (no ring)

@: very quick
A: very small, no large weapons, unfitting armour, see invisible, speed 3
a: no special abilities


You were on level 1 of the Dungeon.
You visited 1 branch of the dungeon, and saw 1 of its levels.

You collected 12 gold pieces.

Inventory:

Hand Weapons
 a - a +2 dagger
 f - a +0 hunting sling
 h - a +1 short sword of venom (weapon)
Missiles
 d - 8 poisoned darts (quivered)
 e - 2 curare-tipped darts
 i - 12 stones
Armour
 b - a +0 robe (worn)
 c - a +0 cloak (worn)
Scrolls
 g - a scroll of identify {unknown}
 l - a scroll of torment {unknown}
 n - a scroll of immolation {unknown}
Potions
 j - a potion of haste {unknown}
 k - a potion of degeneration {unknown}
 m - a potion of attraction {unknown}


   Skills:
 * Level 1.7 Fighting
 + Level 2.2 Short Blades
 + Level 2.0 Throwing
 * Level 2.0 Dodging
 * Level 7.2 Stealth


You had 2 spell levels left.
You didn't know any spells.
Your spell library was empty.

Dungeon Overview and Level Annotations

Branches:
Dungeon (1/15)

Altars:


Innate Abilities, Weirdness & Mutations

You are very small and have problems with some larger weapons.
You are too small for most types of armour.
You have supernaturally acute eyesight. (SInv)
You cover ground extremely quickly. (Speed+++)


Message History

You hit the jackal.
You kill the jackal!
The jackal bites you but does no damage.
The endoplasm closely misses you.
You hit the jackal but do no damage.
The jackal looks even sicker.
The jackal is severely wounded.
The jackal closely misses you. The endoplasm freezes you.
You are frozen.
The jackal closely misses you.
You closely miss the jackal.
The jackal is severely wounded.
The jackal completely misses you. The endoplasm misses you.
You hit the ball python but do no damage.
The ball python is poisoned.
The jackal barely misses you. The ball python closely misses you.
The ball python misses you.
The endoplasm hits you but does no damage.
The jackal closely misses you.
You hit the ball python.
The ball python is severely wounded.
The ball python bites you. The ball python misses you.
The jackal barely misses you. The endoplasm hits you.
The ball python barely misses you. The ball python misses you.
You hit the ball python.
The ball python is severely wounded.
You kill the ball python!
The jackal bites you. The endoplasm freezes you.
You are frozen.
You hit the jackal.
You kill the jackal!
The endoplasm freezes you.
You are frozen.
You hit the endoplasm but do no damage. The endoplasm freezes you.
You are frozen.
* * * LOW HITPOINT WARNING * * *
You hit the endoplasm but do no damage.
The endoplasm is poisoned.
The endoplasm freezes you.
You are frozen.
You die...

###.######.#
.......#######..
#.# #.###.......
#.. #.#
#.†......... #..
#.# ####....!.♣♣
#.♣ #.#
#.....≈≈≈ ♣♣ #.#
#....≈≈PP #.#
#....≈≈≈≈
#.J......
#@#..J≈≈≈
.......†####≈≈≈
......... .♣≈
########## #


You could see an endoplasm (very poisoned).

Vanquished Creatures
  2 dart slugs (D:1)
  A ball python (D:1)
  2 bats (D:1)
  3 endoplasms (D:1)
  A giant cockroach (D:1)
  3 goblins (D:1)
  4 hobgoblins (D:1)
  4 jackals (D:1)
  5 kobolds (D:1)
  A quokka (D:1)
  A rat (D:1)
27 creatures vanquished.

Notes
Turn   | Place    | Note
-------+----------+-------------------------------------------
     0 | D:1      | styxcanada the Spriggan Brigand began the quest for the
                  | Orb.
     0 | D:1      | Reached XP level 1. HP: 10/10 MP: 2/2
    76 | D:1      | Reached skill level 6 in Stealth
   357 | D:1      | Reached XP level 2. HP: 14/14 MP: 3/3
   528 | D:1      | Reached skill level 7 in Stealth
   602 | D:1      | Found a faded altar of an unknown god.
   629 | D:1      | Reached XP level 3. HP: 18/18 MP: 4/4
   668 | D:1      | Frozen to death by an endoplasm

Illustrated notes

Levels and vault maps discovered:
D:1:      nagdon_arrival_double_spiral, layout_basic, basic_ecumenical_altar,
          serial_bayou_lagoon_b

Skill      XL: |  1  2 |
---------------+-------+-----
Stealth        | 6 7 |  7.2
Dodging        | 2 |  2.0
Fighting       | |  1.7
Short Blades   | |  2.2
Throwing       | |  2.0

Action                   || total
-------------------------++-------
Melee: Dagger            ||    13
       Punch             ||     1
       Short sword       ||    43
Throw: Dart              ||     4
 Stab: Sleeping          ||    12
Armor: Robe              ||     6
Dodge: Dodged            ||    37
